Beryl, chaotic male elven Priest ------ ----- |....| |...| |.`.%----...| |.*.....u...| |..--->---..| |---------.--- |...^^<|.....| |..----|.....| --.| |.....| |.-----..%..| |...........| |..---------- ---- Beryl the Adept Experience level: 8 Strength: 25 Dexterity: 13 Constitution: 14 Intelligence: 9 Wisdom: 20 Charisma: 10 Health: 0(69) Energy: 148(148) Def: 8 Gold: 0 Moves: 5126 Dungeon seed: Oc3tARSk__fh4q7T Game ID: Beryl_1614949064 Your Inventory: Weapons M - 25 +0 arrows (in quiver) O - a +0 bow (alternate weapon; not wielded) Armor e - a burnt +1 robe (being worn) q - a rusty +0 pair of gauntlets of power (being worn) y - a +0 orcish helm (being worn) K - a blessed +1 pair of iron shoes (being worn) Y - a +0 leather armor (being worn) Comestibles c - a clove of garlic d - a sprig of wolfsbane D - 3 tripe rations S - an apple Z - 2 food rations Scrolls h - 2 scrolls of earth Rings i - a +1 ring of gain strength w - a ring of invisibility (on left hand) Wands g - a wand of lightning (0:4) s - a wand of slow monster (1:5) B - a wand of striking (0:7) I - a wand of digging (0:6) Tools l - a skeleton key t - a sack C - a +0 unicorn horn (weapon in hands) Contents of the sack: 276 gold pieces a blessed rusty +1 mace a +0 silver saber a +0 small shield a carrot a lizard corpse a blessed scroll of blank paper 2 scrolls of blank paper 3 cursed scrolls of blank paper a blessed scroll of identify a scroll of scare monster a spellbook of blank paper a spellbook of cure blindness a spellbook of cure blindness a spellbook of healing a spellbook of invisibility a spellbook of sleep 6 potions of holy water a wand of probing (0:4) a wand of striking (0:4) a brass lantern (0:1153) a lock pick a magic marker (0:47) a skeleton key 7 tallow candles (0:200) a cursed amethyst stone an aquamarine stone 2 black opals Spells and supernatural/magical abilities: Name Level Category Fail Memory h - healing 1 healing 0% 75% i - invisibility 4 escape 95% 81% z - sleep 1 enchantment 0% 82% B - cure blindness 2 healing 39% 75% W - pray for help -- divine ? -- X - turn undead -- divine ? -- Your skills at the end: Fighting Skills Weapon Skills mace [Basic] Spellcasting Skills clerical spells [Basic] Final Attributes: You were piously aligned. You were sleep resistant. You had infravision. You were invisible. You were unlucky. You are dead. Vanquished creatures: a ghost an ettin zombie a leather golem 2 gnome kings a gold golem a lizard a dwarf lord a gray unicorn a raven 2 plains centaurs 3 human zombies a water nymph a rock mole 3 yellow lights a shrieker a violet fungus 8 gnome lords 2 gnomish wizards a kobold mummy a black naga hatchling 2 elf zombies a straw golem a paper golem a giant ant a little dog a kitten 8 dwarves a homunculus 2 kobold shamans a rothe a giant bat 5 orc zombies a dwarf zombie a wererat 2 coyotes 2 hobbits 2 manes 6 giant rats 2 cave spiders 2 brown molds a green mold 26 gnomes 8 garter snakes a gnome zombie 2 geckos 13 jackals a fox 2 kobolds 3 goblins 5 sewer rats a grid bug 6 lichens a kobold zombie 2 newts 149 creatures vanquished. Voluntary challenges: You had been an atheist until turn 2251. You used a wielded weapon 190 times, starting on turn 1. You read items or engraved 27 times, starting on turn 372. You never genocided any monsters. You never polymorphed an object. You never changed form. You used no wishes. You never split a pudding. You wrote Elbereth's name 1 time, starting on turn 2828. You never violated your personal moral code. Dungeon overview: The Dungeons of Doom: levels 1 to 6 Level 1 some fountains, a sink a long staircase Level 2 a jewelry store, an altar to Camaxtli Level 3 a sink stairs to The Gnomish Mines Level 4 a fountain Level 5 some fountains Level 6 a scroll shop, a fountain stairs to Sokoban The Gnomish Mines: levels 4 to 7 Level 4 stairs to The Dungeons of Doom Level 5 Level 6 Level 7 many shops, a temple to Quetzalcoatl, some fountains Sokoban: Level 5 <- You were here stairs to The Dungeons of Doom History has recorded: On T:1 you entered the Dungeons of Doom to retrieve the Amulet of Yendor! On T:270 you reached level 2 of The Dungeons of Doom. On T:316 you reached level 3 of The Dungeons of Doom. On T:403 you advanced to experience level 2. On T:940 you reached level 1 of The Gnomish Mines. On T:1010 you advanced to experience level 3. On T:1062 you advanced to experience level 4. On T:1132 you advanced to experience level 5. On T:1262 you reached level 2 of The Gnomish Mines. On T:1473 you reached level 3 of The Gnomish Mines. On T:1509 you advanced to experience level 6. On T:1920 you reached level 4 of The Gnomish Mines. On T:2220 you advanced to experience level 7. On T:3357 you reached level 4 of The Dungeons of Doom. On T:3944 you reached level 5 of The Dungeons of Doom. On T:4082 you reached level 6 of The Dungeons of Doom. On T:4742 you advanced to experience level 8. On T:4851 you reached level 4 of Sokoban. Score breakdown: Gold: 276 ( 8308 points) Experience: 8 levels (14739 points) Exploration: 7 levels ( 14.58%) (10718 points) Discoveries: 47 items ( 16.43%) (12161 points) Valuables value: (no points given unless you survive) Artifact value: 0 ( 0 points) Variety of kills: 54 monsters ( 14.17%) (11294 points) Turncount: 5126 turns (-1391 points) Survival: died (score multiplied by 80%) Total score: 44663 Latest messages: The white unicorn kicks! The white unicorn butts! The white unicorn kicks! You miss the white unicorn. The white unicorn butts! The white unicorn misses. The white unicorn butts! The white unicorn kicks! The white unicorn misses. (2x) The white unicorn butts! The white unicorn kicks! The white unicorn butts! The white unicorn kicks! The white unicorn butts! The white unicorn kicks! You miss the white unicorn. The white unicorn butts! The white unicorn kicks! You die... Final status: Goodbye Beryl the Priest, killed by a white unicorn... You died in Sokoban on dungeon level 5 with 44663 points, and 276 pieces of gold, after 5126 moves. You were level 8 with a maximum of 69 hit points when you died.